TOP OF THE 1ST |
Mahoning Valley Scrappers batting - Pitching for Connecticut Tigers : RHP Eddie Hodgson
|
Pitching: RHP Eddie Hodgson
|
|
Batting: RHB Jonathan Underhill
|
0-0: Ball 1-0: Ball 2-0: Called Strike 2-1: Ball 3-1: Base on Balls
|
Batting: RHB Edolf Vlemmings
|
0-0: Ball 1-0: Called Strike 1-1: Foul Ball, location: 2F 1-2: Strikes out swinging Jonathan Underhill steals 2nd base (no throw) Batter strikes out.
|
Batting: SHB Charlie Diesel
|
0-0: Ball Jonathan Underhill steals 3rd base 1-0: Ball 2-0: Ball 3-0: Ground out 4-3 (Groundball, 4, EV 107.5 MPH) Jonathan Underhill scores
|
Batting: SHB Eddie Trebelhorn
|
0-0: Called Strike 0-1: Ball 1-1: Foul Ball, location: 2F 1-2: Ball 2-2: Foul Ball, location: 2F 2-2: Foul Ball, location: 2F 2-2: Foul Ball, location: 2F 2-2: Ball 3-2: Foul Ball, location: 2F 3-2: Strikes out swinging
|
Top of the 1st over - 1 run, 0 hits, 0 errors, 0 left on base; Mahoning Valley 1 - Connecticut 0 |
BOTTOM OF THE 1ST |
Connecticut Tigers batting - Pitching for Mahoning Valley Scrappers : RHP Rafael Borja
|
Pitching: RHP Rafael Borja
|
|
Batting: LHB Jeff Trapp
|
0-0: Called Strike 0-1: Called Strike 0-2: Ball 1-2: Fly out, F7 (Flyball, 7, EV 80.6 MPH)
|
Batting: RHB John Welch
|
0-0: Called Strike 0-1: Foul Ball, location: 2F 0-2: Ball 1-2: Ball 2-2: Foul Ball, location: 2F 2-2: Ground out U3 (Groundball, 34, EV 88.1 MPH)
|
Batting: RHB John Evancho
|
0-0: Called Strike 0-1: Ball 1-1: Called Strike 1-2: Ball 2-2: Ball 3-2: Foul Ball, location: 2F 3-2: SINGLE (Flyball, 8LS, EV 96.9 MPH)
|
Batting: RHB Eric Angelle
|
0-0: Ball John Evancho steals 2nd base 1-0: Foul Ball, location: 2F 1-1: Ground out 4-3 (Groundball, 4, EV 100.0 MPH)
|
Bottom of the 1st over - 0 runs, 1 hit, 0 errors, 1 left on base; Mahoning Valley 1 - Connecticut 0 |
TOP OF THE 2ND |
Mahoning Valley Scrappers batting - Pitching for Connecticut Tigers : RHP Eddie Hodgson
|
Batting: RHB Chris Yancey
|
0-0: Ball 1-0: Foul Ball, location: 2F 1-1: Foul Ball, location: 2F 1-2: Hit by Pitch
|
Batting: RHB Mario Trujillo
|
0-0: Ball 1-0: Swinging Strike 1-1: Swinging Strike 1-2: Strikes out swinging
|
Batting: RHB Egidius Kruger
|
0-0: Ball 1-0: Called Strike 1-1: Called Strike 1-2: Ball 2-2: Fly out, F8 (Flyball, 78S, EV 85.6 MPH)
|
Batting: LHB Manny Caldera
|
0-0: Called Strike 0-1: Ball 1-1: Ball 2-1: Ball 3-1: Base on Balls Chris Yancey to second
|
Batting: RHB Nelson Trujillo
|
0-0: Called Strike 0-1: Ball 1-1: Ball 2-1: SINGLE (Line Drive, 8LS, EV 108.1 MPH) Chris Yancey to third Manny Caldera to second Runner from 3rd tries for Home, SAFE, throw by CF to home
|
Batting: RHB Jonathan Underhill
|
0-0: Fly out, F8 (Flyball, 8LXD, EV 106.2 MPH)
|
Top of the 2nd over - 1 run, 1 hit, 0 errors, 2 left on base; Mahoning Valley 2 - Connecticut 0 |
BOTTOM OF THE 2ND |
Connecticut Tigers batting - Pitching for Mahoning Valley Scrappers : RHP Rafael Borja
|
Batting: RHB Jon Goldstein
|
0-0: Foul Ball, location: 2F 0-1: SINGLE (Line Drive, 56D, EV 97.5 MPH)
|
Batting: RHB Mike Sebastian
|
Balk! Jon Goldstein to second 0-0: Ball 1-0: Ground out 6-3 (Groundball, 6, EV 95.0 MPH)
|
Batting: RHB Eric Blaha
|
0-0: Ball Jon Goldstein steals 3rd, throwing error, E2 Jon Goldstein scores 1-0: Ball 2-0: Ball 3-0: Called Strike 3-1: Foul Ball, location: 2F 3-2: Ground out 5-3 (Groundball, 56S, EV 78.8 MPH)
|
Batting: RHB Vince Chipman
|
0-0: Ground out 4-3 (Groundball, 4, EV 81.9 MPH)
|
Bottom of the 2nd over - 1 run, 1 hit, 1 error, 0 left on base; Mahoning Valley 2 - Connecticut 1 |
TOP OF THE 3RD |
Mahoning Valley Scrappers batting - Pitching for Connecticut Tigers : RHP Eddie Hodgson
|
Batting: RHB Edolf Vlemmings
|
0-0: Ball 1-0: Called Strike 1-1: DOUBLE (Groundball, 5L, EV 111.9 MPH)
|
Batting: SHB Charlie Diesel
|
0-0: Ball 1-0: Swinging Strike 1-1: Foul Ball, location: 2F 1-2: Strikes out swinging
|
Batting: SHB Eddie Trebelhorn
|
0-0: Called Strike 0-1: Called Strike 0-2: Ball Wild Pitch! Edolf Vlemmings to third 1-2: Strikes out swinging
|
Batting: RHB Chris Yancey
|
0-0: Foul Ball, location: 2F 0-1: Foul Ball, location: 2F 0-2: Fly out, F8 (Flyball, 89XD, EV 104.4 MPH)
|
Top of the 3rd over - 0 runs, 1 hit, 0 errors, 1 left on base; Mahoning Valley 2 - Connecticut 1 |
BOTTOM OF THE 3RD |
Connecticut Tigers batting - Pitching for Mahoning Valley Scrappers : RHP Rafael Borja
|
Batting: RHB Travis Newton
|
0-0: Called Strike 0-1: Ball 1-1: Fly out, F5 (Popup, 15, EV 75.0 MPH)
|
Batting: LHB Jeff Trapp
|
0-0: Ball 1-0: Ground out 4-3 (Groundball, 4S, EV 91.2 MPH)
|
Batting: RHB John Welch
|
0-0: Called Strike 0-1: Ground out 4-3 (Groundball, 4M, EV 83.8 MPH)
|
Bottom of the 3rd over - 0 runs, 0 hits, 0 errors, 0 left on base; Mahoning Valley 2 - Connecticut 1 |
TOP OF THE 4TH |
Mahoning Valley Scrappers batting - Pitching for Connecticut Tigers : RHP Eddie Hodgson
|
Batting: RHB Mario Trujillo
|
0-0: Ball 1-0: Called Strike 1-1: Foul Ball, location: 2F 1-2: Foul Ball, location: 2F 1-2: Fly out, F7 (Line Drive, 7D, EV 90.0 MPH)
|
Batting: RHB Egidius Kruger
|
0-0: Ball 1-0: SINGLE (Line Drive, 7S, EV 103.1 MPH)
|
Batting: LHB Manny Caldera
|
0-0: Called Strike Egidius Kruger steals 2nd base 0-1: Ball Egidius Kruger steals 3rd base 1-1: Ball 2-1: SINGLE (Line Drive, 5, EV 96.2 MPH) Egidius Kruger scores
|
Batting: RHB Nelson Trujillo
|
0-0: Ball 1-0: DOUBLE (Flyball, 8RXD, EV 90.0 MPH) Manny Caldera to third
|
Batting: RHB Jonathan Underhill
|
0-0: SINGLE (Line Drive, 4MD, EV 95.6 MPH) Manny Caldera scores Nelson Trujillo to third Runner from 3rd tries for Home, SAFE, throw by CF to home
|
Pitching: RHP Scott King
|
|
Batting: RHB Edolf Vlemmings
|
0-0: Ground out 5-3 (Groundball, 56S, EV 71.2 MPH) Jonathan Underhill to second
|
Batting: SHB Charlie Diesel
|
0-0: Ball 1-0: Foul Ball, location: 2F 1-1: Ball 2-1: Ball Jonathan Underhill steals 3rd base 3-1: Ground out 6-3 (Groundball, 6, EV 86.9 MPH)
|
Top of the 4th over - 3 runs, 4 hits, 0 errors, 1 left on base; Mahoning Valley 5 - Connecticut 1 |
BOTTOM OF THE 4TH |
Connecticut Tigers batting - Pitching for Mahoning Valley Scrappers : RHP Rafael Borja
|
Batting: RHB John Evancho
|
0-0: Ball 1-0: Fly out, F7 (Flyball, 78XD, EV 86.2 MPH)
|
Batting: RHB Eric Angelle
|
0-0: Called Strike 0-1: Ball 1-1: Called Strike 1-2: Ball 2-2: Ball 3-2: Foul Ball, location: 2F 3-2: Foul Ball, location: 2F 3-2: Base on Balls
|
Batting: RHB Jon Goldstein
|
0-0: Ball Eric Angelle steals 2nd base 1-0: DOUBLE (Flyball, 8LXD, EV 106.2 MPH) Eric Angelle scores
|
Batting: RHB Mike Sebastian
|
0-0: SINGLE (Groundball, 4D, EV 100.0 MPH) Jon Goldstein to third Runner from 3rd tries for Home, SAFE, throw by CF to home Mike Sebastian to second
|
Batting: RHB Eric Blaha
|
0-0: Ball Mike Sebastian steals 3rd, throwing error, E2 Mike Sebastian scores 1-0: Ball 2-0: Foul Ball, location: 2F 2-1: Ball 3-1: Base on Balls
|
Batting: RHB Vince Chipman
|
0-0: Ball Balk! Eric Blaha to second 1-0: Ball 2-0: Ball Balk! Eric Blaha to third 3-0: Base on Balls
|
Batting: RHB Travis Newton
|
0-0: Foul Ball, location: 2F 0-1: Foul Ball, location: 2F Balk! Eric Blaha scores Vince Chipman to second 0-2: Ball 1-2: Foul Ball, location: 2F 1-2: Foul Ball, location: 2F 1-2: SINGLE (Groundball, 6MD, EV 103.1 MPH) Vince Chipman to third Runner from 3rd tries for Home, SAFE, throw by CF to home
|
Pitching: RHP Andy White
|
|
Batting: LHB Jeff Trapp
|
0-0: Called Strike Travis Newton steals 2nd base 0-1: Ground out 6-3 (Groundball, 6S, EV 66.2 MPH) Travis Newton to third
|
Batting: RHB John Welch
|
0-0: Called Strike 0-1: Swinging Strike 0-2: Ground out U3 (Groundball, 3, EV 90.6 MPH)
|
Bottom of the 4th over - 5 runs, 3 hits, 1 error, 1 left on base; Mahoning Valley 5 - Connecticut 6 |
TOP OF THE 5TH |
Mahoning Valley Scrappers batting - Pitching for Connecticut Tigers : RHP Scott King
|
Batting: SHB Eddie Trebelhorn
|
0-0: Called Strike 0-1: Ball 1-1: Fly out, F4 (Line Drive, 4, EV 65.6 MPH)
|
Batting: RHB Chris Yancey
|
0-0: Ball 1-0: Foul Ball, location: 2F 1-1: SOLO HOME RUN (Flyball, 7D, EV 100.6 MPH), Distance : 407 ft
|
Batting: RHB Mario Trujillo
|
0-0: Called Strike 0-1: Ground out 3-1 (Groundball, 13, EV 85.6 MPH)
|
Batting: RHB Egidius Kruger
|
0-0: Foul Ball, location: 2F 0-1: Foul Ball, location: 2F 0-2: Strikes out swinging
|
Top of the 5th over - 1 run, 1 hit, 0 errors, 0 left on base; Mahoning Valley 6 - Connecticut 6 |
BOTTOM OF THE 5TH |
Connecticut Tigers batting - Pitching for Mahoning Valley Scrappers : RHP Andy White
|
Batting: RHB John Evancho
|
0-0: Foul Ball, location: 2F 0-1: SINGLE (Groundball, 6MD, EV 96.9 MPH)
|
Batting: RHB Eric Angelle
|
0-0: Foul Ball, location: 2F 0-1: Ball Passed Ball! John Evancho to second 1-1: Ball 2-1: Swinging Strike 2-2: Ball 3-2: TRIPLE (Line Drive, 8RXD, EV 109.4 MPH) John Evancho scores
|
Batting: RHB Jon Goldstein
|
0-0: Ball 1-0: Ball 2-0: Ball 3-0: Base on Balls
|
Batting: RHB Mike Sebastian
|
0-0: Ball Jon Goldstein steals 2nd, throwing error, E2 Eric Angelle scores Jon Goldstein to third 1-0: Ball 2-0: DOUBLE (Line Drive, 7LS, EV 88.1 MPH) Jon Goldstein scores
|
Batting: RHB Eric Blaha
|
0-0: Ball 1-0: Foul Ball, location: 2F 1-1: Ball 2-1: Called Strike 2-2: Ball Wild Pitch! Mike Sebastian to third 3-2: SINGLE (Groundball, 6MD, EV 100.6 MPH) Mike Sebastian scores
|
Batting: RHB Vince Chipman
|
0-0: Ball Eric Blaha is caught stealing 2nd base 2-4 1-0: Ball 2-0: Fly out, F9 (Flyball, 89M, EV 89.4 MPH)
|
Batting: RHB Travis Newton
|
0-0: Ball 1-0: Called Strike 1-1: Fly out, F8 (Flyball, 89D, EV 97.5 MPH)
|
Bottom of the 5th over - 4 runs, 4 hits, 1 error, 0 left on base; Mahoning Valley 6 - Connecticut 10 |
TOP OF THE 6TH |
Mahoning Valley Scrappers batting - Pitching for Connecticut Tigers : RHP Scott King
|
Batting: LHB Manny Caldera
|
0-0: Ball 1-0: Ground out 6-3 (Groundball, P, EV 80.6 MPH)
|
Batting: RHB Nelson Trujillo
|
0-0: Ball 1-0: Called Strike 1-1: SINGLE (Groundball, 56, EV 106.9 MPH)
|
Pitching: RHP Bert Hernandez
|
|
Batting: RHB Jonathan Underhill
|
0-0: Swinging Strike 0-1: Ball 1-1: Called Strike 1-2: Ground out 1-3 (Groundball, 13S, EV 67.5 MPH) Nelson Trujillo to second
|
Batting: RHB Edolf Vlemmings
|
0-0: Swinging Strike 0-1: Ball 1-1: Ball 2-1: SINGLE (Groundball, 4MD, EV 96.9 MPH) (infield hit) Nelson Trujillo to third
|
Batting: SHB Charlie Diesel
|
0-0: Ball 1-0: Foul Ball, location: 2F 1-1: Called Strike Edolf Vlemmings steals 2nd base 1-2: Foul Ball, location: 2F 1-2: Ball 2-2: Foul Ball, location: 2F 2-2: Ground out 6-3 (Groundball, 4MD, EV 81.2 MPH)
|
Top of the 6th over - 0 runs, 2 hits, 0 errors, 2 left on base; Mahoning Valley 6 - Connecticut 10 |
BOTTOM OF THE 6TH |
Connecticut Tigers batting - Pitching for Mahoning Valley Scrappers : RHP Andy White
|
Batting: LHB Jeff Trapp
|
0-0: Called Strike 0-1: Ball 1-1: Ball 2-1: Ground out 5-3 (Groundball, 56, EV 92.5 MPH)
|
Batting: RHB John Welch
|
0-0: Ball 1-0: Ball 2-0: Called Strike 2-1: Ground out 5-3 (Groundball, 5S, EV 66.9 MPH)
|
Batting: RHB John Evancho
|
0-0: Foul Ball, location: 2F 0-1: Foul Ball, location: 2F 0-2: Foul Ball, location: 2F 0-2: Ball 1-2: Hit by Pitch
|
Batting: RHB Eric Angelle
|
0-0: Called Strike John Evancho steals 2nd base 0-1: Swinging Strike Balk! John Evancho to third 0-2: Ball 1-2: SINGLE (Line Drive, 56D, EV 95.0 MPH) John Evancho scores
|
Batting: RHB Jon Goldstein
|
0-0: Ball 1-0: Called Strike Eric Angelle steals 2nd base (no throw) 1-1: Ground out 6-3 (Groundball, 6, EV 80.6 MPH)
|
Bottom of the 6th over - 1 run, 1 hit, 0 errors, 1 left on base; Mahoning Valley 6 - Connecticut 11 |
TOP OF THE 7TH |
Mahoning Valley Scrappers batting - Pitching for Connecticut Tigers : RHP Bert Hernandez
|
Batting: SHB Eddie Trebelhorn
|
0-0: Foul Ball, location: 2F 0-1: Ball 1-1: Ball 2-1: Ball 3-1: Foul Ball, location: 2F 3-2: Foul Ball, location: 2F 3-2: Base on Balls
|
Pitching: LHP Neil Palazzo
|
|
Batting: RHB Chris Yancey
|
0-0: Called Strike 0-1: Ball 1-1: Called Strike 1-2: Foul Ball, location: 2F 1-2: Ball 2-2: Foul Ball, location: 2F 2-2: Strikes out swinging
|
Batting: RHB Mario Trujillo
|
0-0: Ball 1-0: Ball 2-0: Called Strike 2-1: Swinging Strike 2-2: Ball 3-2: Hit by Pitch Eddie Trebelhorn to second
|
Batting: RHB Egidius Kruger
|
0-0: Fly out, F7 (Flyball, 78M, EV 82.5 MPH)
|
Batting: LHB Manny Caldera
|
0-0: Ball 1-0: Ball 2-0: Foul Ball, location: 2F 2-1: Foul Ball, location: 2F 2-2: Ball 3-2: Foul Ball, location: 2F 3-2: Strikes out swinging
|
Top of the 7th over - 0 runs, 0 hits, 0 errors, 2 left on base; Mahoning Valley 6 - Connecticut 11 |
BOTTOM OF THE 7TH |
Connecticut Tigers batting - Pitching for Mahoning Valley Scrappers : RHP Andy White
|
Batting: RHB Mike Sebastian
|
0-0: Ball 1-0: SOLO HOME RUN (Flyball, 78XD, EV 113.8 MPH), Distance : 430 ft
|
Batting: RHB Eric Blaha
|
0-0: Ball 1-0: Reached on error, E5 (Groundball, 5, EV 102.5 MPH)
|
Batting: RHB Vince Chipman
|
0-0: Called Strike Balk! Eric Blaha to third 0-1: Ball 1-1: Ball 2-1: SINGLE (Line Drive, 9S, EV 108.1 MPH) Eric Blaha scores
|
Batting: RHB Travis Newton
|
0-0: Fielders Choice at 2nd, 2-6 (Groundball, 13S, EV 78.1 MPH)
|
Pitching: RHP Bryan Ernst
|
|
Batting: LHB Jeff Trapp
|
0-0: Called Strike 0-1: Ball Travis Newton steals 2nd base (no throw) 1-1: Fly out, F7 (Flyball, 78D, EV 93.1 MPH)
|
Pinch Hitting: RHB Brian Singer
|
0-0: Hit by Pitch
|
Batting: RHB John Evancho
|
0-0: Ground out U3 (Groundball, 13, EV 88.8 MPH)
|
Bottom of the 7th over - 2 runs, 2 hits, 1 error, 2 left on base; Mahoning Valley 6 - Connecticut 13 |
TOP OF THE 8TH |
Mahoning Valley Scrappers batting - Pitching for Connecticut Tigers : LHP Neil Palazzo
|
Now at 1B: Dan Crutchfield
|
|
Batting: RHB Nelson Trujillo
|
0-0: Ball 1-0: Called Strike 1-1: Ball 2-1: Swinging Strike 2-2: Strikes out swinging
|
Batting: RHB Jonathan Underhill
|
0-0: Called Strike 0-1: Foul Ball, location: 2F 0-2: Ball 1-2: Ground out 6-3 (Groundball, 6D, EV 96.2 MPH)
|
Batting: RHB Edolf Vlemmings
|
0-0: Ball 1-0: Fly out, F9 (Flyball, 89D, EV 105.6 MPH)
|
Top of the 8th over - 0 runs, 0 hits, 0 errors, 0 left on base; Mahoning Valley 6 - Connecticut 13 |
BOTTOM OF THE 8TH |
Connecticut Tigers batting - Pitching for Mahoning Valley Scrappers : RHP Bryan Ernst
|
Batting: RHB Eric Angelle
|
0-0: Ball 1-0: Called Strike 1-1: Ball 2-1: Ground out 5-3 (Groundball, 56, EV 109.4 MPH)
|
Batting: RHB Jon Goldstein
|
0-0: Ball 1-0: Fly out, F8 (Line Drive, 8RXD, EV 108.1 MPH)
|
Batting: RHB Mike Sebastian
|
0-0: SINGLE (Groundball, 6MD, EV 84.4 MPH) (infield hit)
|
Batting: RHB Eric Blaha
|
0-0: Called Strike Mike Sebastian steals 2nd base 0-1: Swinging Strike 0-2: Ball 1-2: Reached via error on a dropped throw from 1B, E1 (Groundball, 34S, EV 68.8 MPH) Mike Sebastian to third
|
Batting: RHB Vince Chipman
|
0-0: Ball 1-0: Called Strike 1-1: Ball Wild Pitch! Mike Sebastian scores Eric Blaha to second 2-1: Called Strike 2-2: Ball Wild Pitch! Eric Blaha to third 3-2: Base on Balls
|
Batting: RHB Travis Newton
|
0-0: Ball 1-0: Ball 2-0: Fielders Choice at 2nd, 6-4 (Groundball, 6, EV 90.0 MPH)
|
Bottom of the 8th over - 1 run, 1 hit, 1 error, 2 left on base; Mahoning Valley 6 - Connecticut 14 |
TOP OF THE 9TH |
Mahoning Valley Scrappers batting - Pitching for Connecticut Tigers : LHP Neil Palazzo
|
Pitching: RHP Tony Kepp
|
|
Pinch Hitting: LHB David Savitt
|
0-0: Ball 1-0: Called Strike 1-1: Called Strike 1-2: Ball 2-2: Foul Ball, location: 2F 2-2: DOUBLE (Flyball, 8RXD, EV 110.0 MPH)
|
Batting: SHB Eddie Trebelhorn
|
0-0: Called Strike 0-1: Ball 1-1: Ball 2-1: Foul Ball, location: 2F 2-2: Strikes out swinging
|
Batting: RHB Chris Yancey
|
0-0: Foul Ball, location: 2F 0-1: Foul Ball, location: 2F 0-2: Ball 1-2: Ball 2-2: Strikes out swinging
|
Batting: RHB Mario Trujillo
|
0-0: Called Strike 0-1: Foul Ball, location: 2F 0-2: Foul Ball, location: 2F 0-2: Ball 1-2: Ball Wild Pitch! David Savitt to third 2-2: Foul Ball, location: 2F 2-2: Foul Ball, location: 2F 2-2: Strikes out swinging, 2-3 out at first.
|
Top of the 9th over - 0 runs, 1 hit, 0 errors, 1 left on base; Mahoning Valley 6 - Connecticut 14 |
|